 Dungeon Crawl Stone Soup version 0.27-a0-242-ge0fc76b88b (webtiles) character file.

Game seed: 249969157366590777

5192 NickelLess the Zephyrmancer (level 10, -13/50 HPs)
             Began as a Deep Elf Air Elementalist on Feb 2, 2021.
             Was a Follower of Sif Muna.
             Mangled by an eight-headed hydra (14 damage)
             ... on level 8 of the Dungeon.
             The game lasted 00:39:07 (11173 turns).

NickelLess the Zephyrmancer (DEAE)                 Turns: 11173, Time: 00:39:08

Health: -13/50     AC:  7    Str:  5    XL:     10   Next: 34%
Magic:  0/35       EV:  9    Int: 24    God:    Sif Muna [*.....]
Gold:   453        SH:  0    Dex: 15    Spells: 11/29 levels left

rFire    . . .     SeeInvis .   C - +7 dagger "Xeihox" {vorpal, +Rage +Fly}
rCold    . . .     Faith    .   (no shield)
rNeg     . . .     Spirit   +   F - +0 swamp dragon scales
rPois    +         Reflect  .   (no helmet)
rElec    .         Harm     .   (no cloak)
rCorr    .         Rampage  .   (no gloves)
Will     +....                  (no boots)
Stlth    ++........             j - amulet of guardian spirit
HPRegen  0.16/turn              i - ring of magical power
MPRegen  0.24/turn              k - ring of stealth

@: no status effects
A: no striking features
a: Renounce Religion, Evoke Berserk Rage, Evoke Flight, Channel Magic


You were on level 8 of the Dungeon.
You worshipped Sif Muna.
Sif Muna was aware of your devotion.
You visited 3 branches of the dungeon, and saw 10 of its levels.
You also visited: Ossuary.

You collected 453 gold pieces.

Inventory:

Hand Weapons
 C - the +7 dagger "Xeihox" (weapon) {vorpal, +Rage +Fly}
   (You found it on level 4 of the Dungeon)

   It inflicts extra damage upon your enemies.
   It lets you fly.
   It lets you go berserk.
Armour
 a - a +0 robe
 F - +0 swamp dragon scales (worn)
Jewellery
 b - an uncursed amulet of faith
 i - a ring of magical power (left hand)
 j - an amulet of guardian spirit (around neck)
 k - a ring of stealth (right hand)
 r - an uncursed ring of poison resistance
 H - an uncursed ring of fire {unknown}
 M - an uncursed ring of protection from fire {unknown}
Wands
 q - a wand of paralysis (7)
 t - a wand of iceblast (8)
 D - a wand of digging (2)
 L - a wand of acid (18)
 O - a wand of polymorph (9)
Scrolls
 c - a scroll of noise {unknown}
 d - 10 scrolls of remove curse
 e - 2 scrolls of amnesia {unknown}
 n - a scroll of teleportation {unknown}
 o - a scroll of random uselessness {unknown}
 p - 6 scrolls of magic mapping
 u - 2 scrolls of blinking {unknown}
 y - a scroll of enchant armour {unknown}
 A - 2 scrolls of fog {unknown}
 B - a scroll of fear {unknown}
 G - 2 scrolls of enchant weapon {unknown}
 J - a scroll of immolation {unknown}
 N - a scroll of acquirement {unknown}
 P - a scroll of vulnerability {unknown}
Potions
 f - 3 potions of ambrosia
 g - 2 potions of lignification
 h - 2 potions of heal wounds
 l - 2 potions of attraction
 m - a potion of berserk rage
 s - a potion of cancellation {unknown}
 v - 2 potions of brilliance {unknown}
 w - 2 potions of might {unknown}
 x - 2 potions of flight {unknown}
 z - 3 potions of curing {unknown}
 E - a potion of magic {unknown}
 I - a potion of mutation {unknown}


   Skills:
 - Level 2.4 Dodging
 - Level 2.4 Stealth
 - Level 10.0 Spellcasting
 - Level 10.0 Conjurations
 + Level 3.5 Fire Magic
 - Level 10.0 Air Magic


You had 11 spell levels left.
You knew the following spells:

 Your Spells              Type           Power        Failure   Level
a - Shock                 Conj/Air       100%         1%          1
b - Static Discharge      Conj/Air       56%          1%          3
c - Airstrike             Air            28%          4%          4
d - Lightning Bolt        Conj/Air       28%          12%         5
e - Fireball              Conj/Fire      22%          41%         5

Your spell library contained the following spells:

 Spells                   Type           Power        Failure   Level
 Foxfire                  Conj/Fire      100%         1%          1
 Swiftness                Air            56%          1%          2
 Conjure Flame            Conj/Fire      44%          4%          3
 Sticky Flame             Conj/Fire      44%          16%         4
 Inner Flame              Hex/Fire       20%          36%         3


Dungeon Overview and Level Annotations

Branches:
Dungeon (8/15)             Temple (1/1) D:6            Lair (1/6) D:8
Ossuary (visited)

Altars:
Ashenzari
Cheibriados
Dithmenos
Elyvilon
Fedhas
Gozag
Hepliaklqana
Kikubaaqudgha
Makhleb
Nemelex Xobeh
Qazlal
Ru
Sif Muna
Trog
Uskayaw
Wu Jian
Xom
Yredelemnul
Zin
The Shining One

Annotations:
Lair:1 Gastronok


Message History

The eight-headed hydra bites you! x2
* * * LOW HITPOINT WARNING * * *
Casting: Static Discharge (safe; 1% risk of failure)
Confirm with . or Enter, or press ? or * to list all spells.
The eight-headed hydra is struck by an arc of lightning!
The eight-headed hydra is moderately wounded.
The plant is struck by an arc of lightning!
The plant begins to die.
The plant is lightly damaged.
The plant is struck by an arc of lightning!
The plant begins to die.
The plant is lightly damaged.
The lightning grounds out.
The eight-headed hydra bites you.
* * * LOW HITPOINT WARNING * * *
The eight-headed hydra bites you.
* * * LOW HITPOINT WARNING * * *
The eight-headed hydra bites you!
* * * LOW HITPOINT WARNING * * *
The eight-headed hydra bites you!
You die...

#### #.## ##..# ###
###..##
..##########.....###
........##...P..P..##
#######.#..........P#
#........P..P.# #
#..........D.P#
#######......P.)@...#
........#PP.P......P#
....###.##.P.PP....##
..### ##############
..## ##.## ###.##
##.# ###


You could see an eight-headed hydra.

Vanquished Creatures
  A two-headed ogre (D:7)
  Joseph (D:7)
  Maggie (D:6)
  A komodo dragon (D:8)
  Prince Ribbit (D:7)
  Edmund (D:5)
  2 water moccasins (D:6)
  An ice beast (D:8)
  A sky beast (D:6)
  7 ogres
  2 centaurs
  2 phantoms
  5 bullfrogs
  10 scorpions
  4 howler monkeys
  2 centaur zombies (Ossuary)
  A jelly (D:7)
  An orc priest (D:6)
  2 centaur skeletons
  A human zombie (Ossuary)
  A gnoll shaman (D:7)
  A bullfrog skeleton (D:7)
  3 hounds
  3 iguanas
  Ijyb (D:5)
  5 worker ants
  5 orc wizards
  A big kobold zombie (Ossuary)
  3 mummies (Ossuary)
  5 gnolls (D:7)
  5 scorpion zombies (Ossuary)
  8 adders
  A shadow imp (D:5)
  2 white imps
  An ufetubus (D:5)
  An ooze (D:3)
  2 adder skeletons (D:4)
  2 worms
  2 dart slugs
  3 leopard geckos
  31 orcs
  6 bats
  3 giant cockroaches
  2 gnoll zombies (Ossuary)
  8 goblins
  10 hobgoblins
  5 jackals
  3 quokkas
  A ball python (D:4)
  5 frilled lizards
  2 goblin zombies (Ossuary)
  A hobgoblin zombie (Ossuary)
  6 kobolds
  3 kobold zombies (Ossuary)
  3 rats
191 creatures vanquished.

Vanquished Creatures (others)
  A hobgoblin zombie (Ossuary)
  28 plants (D:8)
29 creatures vanquished.

Grand Total: 220 creatures vanquished

Notes
Turn   | Place    | Note
-------+----------+-------------------------------------------
     0 | D:1      | NickelLess the Deep Elf Air Elementalist began the quest
                  | for the Orb.
     0 | D:1      | Reached XP level 1. HP: 10/10 MP: 6/6
    84 | D:1      | You fall into a shaft and drop 1 floor!
   127 | D:2      | Reached XP level 2. HP: 8/15 MP: 0/8
   878 | D:1      | Reached XP level 3. HP: 19/19 MP: 9/9
   991 | D:1      | Learned a level 3 spell: Static Discharge
  2199 | D:3      | Reached skill level 5 in Air Magic
  2199 | D:3      | Reached XP level 4. HP: 18/24 MP: 9/10
  2273 | D:3      | Learned a level 4 spell: Airstrike
  2847 | D:4      | Noticed an ogre
  2854 | D:4      | Killed an ogre
  2855 | D:4      | Reached XP level 5. HP: 4/28 MP: 0/12
  3264 | D:4      | Noticed a phantom
  3269 | D:4      | Killed a phantom
  3270 | D:4      | Reached skill level 5 in Spellcasting
  3270 | D:4      | Reached XP level 6. HP: 32/32 MP: 2/16
  3394 | D:4      | Found a sand-covered staircase.
  3439 | Ossuary  | Entered an ossuary
  3769 | Ossuary  | Reached skill level 5 in Conjurations
  3769 | Ossuary  | Reached XP level 7. HP: 29/36 MP: 7/18
  3871 | Ossuary  | Learned a level 5 spell: Lightning Bolt
  4933 | D:4      | Identified the +7 dagger "Xeihox" {vorpal, +Rage +Fly} (You
                  | found it on level 4 of the Dungeon)
  5053 | D:4      | Reached XP level 8. HP: 41/41 MP: 15/19
  5511 | D:5      | Entered Level 5 of the Dungeon
  5693 | D:5      | Found a white marble altar of Elyvilon.
  5781 | D:5      | Noticed Ijyb
  5784 | D:5      | Killed Ijyb
  5918 | D:5      | Noticed Edmund
  5922 | D:5      | Killed Edmund
  6840 | D:6      | Noticed Maggie
  6846 | D:6      | Killed Maggie
  6847 | D:6      | Reached XP level 9. HP: 34/45 MP: 4/22
  7101 | D:6      | Found a staircase to the Ecumenical Temple.
  7154 | D:6      | Found a basalt altar of Yredelemnul.
  7888 | Temple   | Entered the Ecumenical Temple
  7957 | Temple   | Became a worshipper of Sif Muna the Loreminder
  8134 | D:7      | Noticed a two-headed ogre
  8138 | D:7      | Killed a two-headed ogre
  8139 | D:7      | Reached skill level 10 in Air Magic
  8425 | D:7      | Noticed Joseph
  8430 | D:7      | Killed Joseph
  8431 | D:7      | Reached skill level 10 in Conjurations
  8431 | D:7      | Reached XP level 10. HP: 40/50 MP: 6/24
  8647 | D:7      | Noticed Prince Ribbit
  8650 | D:7      | Killed Prince Ribbit
  9093 | D:7      | Found a stormy altar of Qazlal.
  9357 | D:7      | Learned a level 5 spell: Fireball
  9447 | D:8      | Found a blossoming altar of Fedhas.
  9617 | D:8      | Found a shimmering altar of Xom.
  9709 | D:8      | Reached skill level 10 in Spellcasting
  9825 | D:8      | Reached skill level 1 in Fire Magic
  9876 | D:8      | Found a staircase to the Lair.
  9892 | D:8      | Reached * piety under Sif Muna
 10882 | D:8      | Found an opulent altar of Gozag.
 11168 | Lair:1   | Entered Level 1 of the Lair of Beasts
 11168 | Lair:1   | Noticed Gastronok
 11168 | Lair:1   | Noticed an eight-headed hydra
 11173 | D:8      | HP: 1/50 [eight-headed hydra (6)]
 11173 | D:8      | Mangled by an eight-headed hydra

Illustrated notes

Levels and vault maps discovered:
D:1:      lemuel_arrival_room, layout_loops_ring
D:2:      layout_rooms
D:3:      layout_loops_ring
D:4:      layout_rooms, nicolae_ossuary_entry_false_entrances
D:5:      layout_loops_ring, lemuel_coloured_pillars_altar, uniq_edmund,
          uniq_ijyb
D:6:      layout_basic, minmay_temple_entry_statues_pillars, basic_altar,
          uniq_maggie
D:7:      layout_loops_ring, grunt_qazlal_clouds, uniq_joseph,
          uniq_prince_ribbit1
D:8:      layout_layer_cave, lemuel_crystal_altar, kennysheep_mini,
          david_lair_shrubbed, basic_altar
Temple:   nicolae_temple_x_marks_the_god
Lair:1:   gammafunk_boulding_lane, layout_long_grid, uniq_gastronok

Skill      XL: |  1  2  3  4  5  6  7  8  9 10 |
---------------+-------------------------------+-----
Air Magic      | 4 5 7 8 10 | 10.0
Conjurations   | 4 5 6 8 10 | 10.0
Spellcasting   | 5 6 7 8 10 | 10.0
Fire Magic     | 3 |  3.5
Dodging        | |  2.4
Stealth        | |  2.4

Action                   |  1- 3 |  4- 6 |  7- 9 | 10-12 || total
-------------------------+-------+-------+-------+-------++-------
Melee: Club              |     9 |       |       |       ||     9
       Dagger            |     7 |     1 |    62 |     3 ||    73
 Cast: Shock             |    97 |    61 |    50 |     2 ||   210
       Airstrike         |       |    15 |    99 |    64 ||   178
       Static Discharge  |       |     3 |    22 |     2 ||    27
  Use: Scroll            |     2 |     3 |     3 |     1 ||     9
       Potion            |       |     2 |     3 |       ||     5
Armor: Robe              |     6 |     1 |     3 |       ||    10
       Swamp dragon scal |       |       |     7 |     5 ||    12
Dodge: Dodged            |    16 |     8 |    39 |     6 ||    69

Table legend: (Time is in decaauts)
 A = Elapsed time spent in this place.
 B = Non-inter-level travel time spent in this place.
 C = Inter-level travel time spent in this place.
 D = Time resting spent in this place.
 E = Time spent auto-exploring this place.
 F = Levels seen in this place.
 G = Mean time per level.
                   A        B        C        D        E       F      G
               +--------+--------+--------+--------+--------+-----+--------+
         Total |  11182 |  11030 |    152 |   4168 |   4424 |  11 | 1016.5 |
       Dungeon |   9680 |   9535 |    145 |   3137 |   4374 |   8 | 1210.0 |
        Temple |     77 |     70 |      7 |      0 |     50 |   1 |   77.0 |
          Lair |      2 |      2 |      0 |      0 |      0 |   1 |    2.0 |
       Ossuary |   1421 |   1421 |      0 |   1031 |      0 |   1 | 1421.0 |
               +--------+--------+--------+--------+--------+-----+--------+

Top non-repeatable levels by time:
     D:8: 1745 daAuts
 Ossuary: 1421 daAuts
     D:7: 1335 daAuts
     D:5: 1328 daAuts
     D:3: 1291 daAuts
     D:6: 1171 daAuts
     D:1: 1159 daAuts
     D:4: 991 daAuts
     D:2: 657 daAuts
  Temple: 77 daAuts
  Lair:1: 2 daAuts
